 Dungeon Crawl Stone Soup version 0.26.1-11-gd32895ea62 (webtiles) character file.

Game seed: 8373931392005806226

165 AuftragZ the Conjurer (level 5, -4/38 HPs)
             Began as a Draconian Conjurer on June 15, 2021.
             Slain by a hornet zombie (8 damage)
             ... on level 3 of the Dungeon.
             The game lasted 00:11:38 (3191 turns).

AuftragZ the Conjurer (Draconian Conjurer)          Turns: 3191, Time: 00:11:38

Health: -4/38      AC:  5    Str: 10    XL:     5   Next: 21%
Magic:  1/9        EV: 12    Int: 19    God:
Gold:   205        SH:  0    Dex:  9    Spells: 3/9 levels left

rFire    . . .     SeeInvis .   f - +1 short sword
rCold    . . .     Faith    .   (no shield)
rNeg     . . .     Spirit   .   (armour unavailable)
rPois    .         Reflect  .   (helmet restricted)
rElec    .         Harm     .   (no cloak)
rCorr    .         Rampage  .   (no gloves)
Will     .....                  (no boots)
Stlth    ++........             (no amulet)
HPRegen  0.12/turn              (no ring)
MPRegen  0.11/turn              (no ring)

@: no status effects
A: unfitting armour, cold-blooded, AC +5
a: no special abilities


You were on level 3 of the Dungeon.
You visited 1 branch of the dungeon, and saw 3 of its levels.

You collected 205 gold pieces.

Inventory:

Hand Weapons
 f - a +1 short sword (weapon)
Missiles
 k - 10 poisoned darts (quivered)
Scrolls
 a - a scroll of amnesia {unknown}
 c - 4 scrolls of remove curse
 d - 3 scrolls of teleportation
 e - a scroll of enchant armour
Potions
 b - 3 potions of attraction
 g - 2 potions of ambrosia {unknown}
 h - a potion of curing
 i - a potion of might {unknown}


   Skills:
 + Level 0.2 Fighting
 + Level 2.6 Dodging
 - Level 2.1 Stealth
 - Level 0.1 Unarmed Combat
 + Level 2.9 Spellcasting
 + Level 5.4 Conjurations


You had 3 spell levels left.
You knew the following spells:

 Your Spells              Type           Power        Failure   Level
a - Magic Dart            Conj           92%          1%          1
b - Searing Ray           Conj           46%          2%          2
c - Dazzling Flash        Conj/Hex       26%          16%         3

Your spell library contained the following spells:

 Spells                   Type           Power        Failure   Level
 Fulminant Prism          Conj/Hex       6%           45%         4
 Iskenderun's Mystic Bla  Conj/Tloc      13%          45%         4


Dungeon Overview and Level Annotations

Branches:
Dungeon (3/15)

Altars:
Xom
Zin


Innate Abilities, Weirdness & Mutations

Your plain brown scales are hard. (AC +5)
You cannot fit into any form of body armour.
You are cold-blooded and may be slowed by cold attacks.


Message History

Aiming: Searing Ray (safe; 2% risk of failure)
Press: ? - help, Shift-Dir - straight line, f/p - hornet zombie
Aim: a hornet zombie (heavily damaged, 19% to evade)
The searing ray hits the hornet zombie!
The hornet zombie is severely damaged. (Press . to maintain the ray.)
The hornet zombie hits you.
The hornet zombie completely misses you.
The searing ray hits the hornet zombie.
The hornet zombie is severely damaged.
The hornet zombie barely misses you.
You feel better. The hornet zombie hits you!
* * * LOW HITPOINT WARNING * * *
You barely miss the hornet zombie.
The hornet zombie is severely damaged.
The hornet zombie misses you. The hornet zombie hits you!
* * * LOW HITPOINT WARNING * * *
The hornet zombie hits you but does no damage.
The hornet zombie hits you!
You die...

#######..≈≈≈≈.≈≈≈≈≈≈≈≈≈≈≈≈≈≈
........≈≈≈≈.≈.≈≈≈≈≈≈≈≈.≈≈≈≈
#########≈≈≈≈≈≈≈≈≈≈≈≈≈≈≈≈.
#≈≈≈≈#≈.≈.≈...≈..≈ .. ###
#≈≈≈≈#####).#.###.... ...
#≈≈≈≈#...........>.... ###
##≈≈≈########.###.....
##≈#########.###.....
#≈##..@Z............
###########.####...# #.# .
#.# #.# #.# ... .# ... ##.#.


You could see a hornet zombie.

Vanquished Creatures
  3 gnolls (D:2)
  7 adders
  2 oozes
  A worm (D:2)
  A dart slug (D:2)
  A leopard gecko (D:2)
  An orc (D:3)
  A ball python (D:2)
  7 bats
  5 giant cockroaches
  3 goblins
  8 hobgoblins
  A jackal (D:2)
  5 kobolds
  A quokka (D:2)
  4 frilled lizards
  8 rats
59 creatures vanquished.

Notes
Turn   | Place    | Note
-------+----------+-------------------------------------------
     0 | D:1      | AuftragZ the Draconian Conjurer began the quest for the
                  | Orb.
     0 | D:1      | Reached XP level 1. HP: 14/14 MP: 3/3
   291 | D:1      | Reached XP level 2. HP: 20/20 MP: 3/5
   320 | D:1      | Learned a level 2 spell: Searing Ray
  1024 | D:1      | Reached XP level 3. HP: 26/26 MP: 4/6
  1487 | D:2      | Reached XP level 4. HP: 26/33 MP: 0/7
  1566 | D:2      | Reached skill level 5 in Conjurations
  1886 | D:2      | Learned a level 3 spell: Dazzling Flash
  2259 | D:2      | Reached XP level 5. HP: 38/38 MP: 2/9
  2831 | D:3      | Found a glowing silver altar of Zin.
  2831 | D:3      | Noticed an angel
  2834 | D:3      | Found a shimmering altar of Xom.
  3191 | D:3      | Slain by a hornet zombie

Illustrated notes

Levels and vault maps discovered:
D:1:      dpeg_arrival_prison, layout_rooms
D:2:      layout_loops_cross, minmay_pentomino_o4
D:3:      layout_basic, grunt_temple_overflow_order_and_chaos_1, serial_rivers,
          chequers_serial_rivers_large_a, chequers_serial_rivers_small_b,
          chequers_serial_rivers_room_b, chequers_serial_rivers_marsh,
          chequers_serial_rivers_micro_e

Skill      XL: |  1  2  3  4 |
---------------+-------------+-----
Stealth        | 2 |  2.1
Dodging        | 2 |  2.6
Conjurations   | 5 |  5.4
Fighting       | |  0.2
Unarmed Combat | |  0.1
Spellcasting   | |  2.9

Action                   |  1- 3 |  4- 6 || total
-------------------------+-------+-------++-------
Melee: Unarmed           |    32 |       ||    32
       Short sword       |     3 |     1 ||     4
Throw: Dart              |       |     1 ||     1
 Cast: Magic Dart        |    49 |    40 ||    89
       Searing Ray       |     6 |    13 ||    19
  Use: Scroll            |       |     6 ||     6
       Potion            |       |     3 ||     3
Armor: Skin              |     8 |     4 ||    12
Dodge: Dodged            |    30 |    16 ||    46
